AoeStats
← ITA | MarknighT

Hideout

507922779Analyzed
1v1 RM · 13d ago on Sep 20, 2026· 36m 2s· 2 players
Game mode
Random Map
Map size
Tiny (2 player)
Population
200
Speed
Normal
Resources
Standard
Victory
Conquest
Starting age
Dark Age
Ending age
Imperial Age
RankedLock teamsTeams togetherTeam positionsShared explorationLock speedFull tech treeHidden civsTurbo modeCheats
Victory
Defeat
🇨🇳 Persians · China
2116
+11
🇮🇹 Koreans · Italy
1997
-11
ITA | MarknighT
6:28 Loom
8:56 Feudal Age
9:08 Man-at-Arms
13:15 Double-Bit Axe
16:40 Fletching
23:14 Castle Age
21:53 Gold Mining
23:54 Bodkin Arrow
24:12 Bow Saw
28:14 Scale Mail Armor
29:48 Wheelbarrow
28:57 Horse Collar
32:04 Chain Mail Armor
33:42 Forging
33:39 Murder Holes
33:50 Town Watch
catastrophe
10:07 Feudal Age
11:22 Loom
14:20 Castle Age
12:07 Double-Bit Axe
22:53 Bow Saw
28:54 Horse Collar
32:33 Bloodlines
31:43 Light Cavalry
32:19 Town Watch
33:10 Wheelbarrow
32:57 Light Cavalry
33:47 Scale Barding Armor
33:52 Forging
34:44 Hand Cart
34:48 Husbandry
Connection lost

Rejoining the realm…

Still unreachable

The connection could not be restored.

Session expired

The server has moved on; the page needs a fresh start.